 Dungeon Sprint DCSS version 0.30-a0-613-gdd512c7efb (webtiles) character file.

Game seed: 410520848088040557

12607 mhtbhm the Brawler (level 11, -31/126 HPs)
             Began as a Troll Transmuter on Jan 9, 2023.
             Was an Initiate of Gozag.
             Shot with a bolt by a yaktaur captain (49 damage)
             ... in the Dungeon (Sprint III: "The Ten Rune Challenge").
             The game lasted 00:08:48 (2307 turns).

mhtbhm the Brawler (Troll Transmuter)               Turns: 2307, Time: 00:08:48

Health: -31/126    AC:  7    Str: 24    XL:     11   Next: 64%
Magic:  18/23      EV: 12    Int:  9    God:    Gozag
Gold:   6247       SH:  0    Dex: 10    Spells: 13/28 levels left

rFire   x . .      SeeInvis .      - Unarmed
rCold   + + +      Faith    .    (shield currently unavailable)
rNeg    + . .      Spirit   .    (body armour currently unavailable)
rPois   +          Reflect  .    (helmet currently unavailable)
rElec   .          Harm     .    (cloak currently unavailable)
rCorr   .          Rampage  .    (gloves unavailable)
Will    +++..      Clarity  +    (boots unavailable)
Stlth   ++         NoTele   +    d - amulet of the Four Winds {rN+ Will+++ Clar}
HPRegen 1.21/turn                h - ring of flight
MPRegen 0.18/turn                n - ring of wizardry

@: ice-form, wereblooded, flying
A: freezing attack, amphibious, boosted hp, large, unfitting armour, (claws 3),
regeneration 1, (shaggy fur 1), (tough skin 1)
a: End Transformation, Renounce Religion, Potion Petition, Call Merchant, Bribe
Branch


You were in the Dungeon.
You worshipped Gozag.
Gozag was greatly pleased with you.
You were a creature of crystalline ice.
You visited 1 branch You collected 9197 gold pieces.
You spent 2231 gold pieces at shops.
You paid 719 gold pieces to Gozag.

Inventory:

Missiles
 e - 7 curare-tipped darts
Armour
 a - a +2 robe (melded)
Jewellery
 d - the amulet of the Four Winds (around neck) {rN+ Will+++ Clar}
   (You bought it in a shop in the Dungeon)

   [amulet of nothing]

   rN:        It protects you from negative energy.
   Clar:      It protects you against confusion.
   Will:      It greatly increases your willpower.
 h - a ring of flight (left front paw)
 n - a ring of wizardry (right front paw)
 o - a ring of see invisible
Scrolls
 i - 2 scrolls of torment
 j - 3 scrolls of identify
Potions
 b - a potion of lignification
 c - 4 potions of curing
 f - 2 potions of magic
 k - 4 potions of flight
 l - 6 potions of mutation
Miscellaneous
 m - a box of beasts


   Skills:
 + Level 5.6 Fighting
 + Level 8.5 Dodging
 + Level 1.8 Stealth
 + Level 18.7 Unarmed Combat
 + Level 9.3 Spellcasting
 + Level 9.3 Transmutations
 + Level 5.4 Ice Magic
 + Level 0.7 Poison Magic
 + Level 0.4 Evocations


You had 13 spell levels left.
You knew the following spells:

 Your Spells              Type           Power      Damage    Failure   Level
a - Beastly Appendage     Tmut           40%        N/A       1%          1
b - Wereblood             Tmut           20%        N/A       1%          2
c - Spider Form           Tmut/Pois      13%        N/A       2%          3
d - Ice Form              Ice/Tmut       17%        N/A       3%          4
e - Blade Hands           Tmut           10%        N/A       4%          5

Your spell library contained the following spells:

 Spells                   Type           Power      Damage    Failure   Level
 Freeze                   Ice            56%        1d7       1%          1
 Passwall                 Tmut/Erth      10%        N/A       1%          2
 Frozen Ramparts          Ice            28%        1d5       1%          3
 Summon Small Mammal      Summ           16%        N/A       6%          1
 Hailstorm                Conj/Ice       9%         3d4       6%          3


Dungeon Overview and Level Annotations

Branches:
Dungeon (1/1)

Altars:
Cheibriados
Dithmenos
Elyvilon
Fedhas
Gozag
Hepliaklqana
Kikubaaqudgha
Makhleb
Nemelex Xobeh
Okawaru
Qazlal
Ru
Sif Muna
Trog
Uskayaw
Vehumet
Wu Jian
Xom
Yredelemnul
Zin
The Shining One
Jiyva
Lugonu

Shops:
D ==[(?:=!:(([[


Innate Abilities, Weirdness & Mutations

You are a creature of crystalline ice.
You have a powerful freezing melee attack.
You are amphibious.
Your maximum health is increased.
Your armour is entirely melded.
You are incapable of wielding weapons or throwing items.
You are too large for most types of armour.
((You have claws for hands.))
Your natural rate of healing is unusually fast.
((You are covered in fur. (AC +1)))
((You have tough skin. (AC +1)))


Message History

HP restored.
You start waiting.
You start waiting.
Done waiting.
Casting: Wereblood (safe; 1% risk of failure)
Confirm with . or Enter, or press ? or * to list all spells.
You turn into a creature of crystalline ice.
Your +2 robe melds into your body.
Casting: Ice Form (mildly dangerous; 3% risk of failure)
Confirm with . or Enter, or press ? or * to list all spells.
Your blood is infused with primal strength.
As you read the scroll of fog, it crumbles to dust.
The scroll dissolves into smoke.
The yaktaur captain shouts!
The yaktaur shouts!
The yaktaur shoots a bolt.
The bolt hits you!
The yaktaur captain shoots a bolt.
The bolt hits you!!!
The yaktaur captain shoots a bolt.
The bolt hits you!!
Found 10 scrolls of identify.
The yaktaur captain shoots a bolt.
The bolt hits you!
The yaktaur captain unwields a +0 arbalest.
The yaktaur captain hits you!!
* * * LOW HITPOINT WARNING * * *
You punch the yaktaur captain! You freeze the yaktaur captain.
The yaktaur captain is lightly wounded.
The yaktaur captain shoots a bolt.
The bolt closely misses you.
Unknown command.
What are your orders? t - Howl!
Orders for allies: a - Attack new target. r - Retreat! s - Stop attacking. g - Guard the area. f - Follow me.
Anything else - Cancel.
Okay, then.
Okay, then.
The yaktaur captain wields a +0 arbalest.
The yaktaur captain shoots a bolt.
The bolt hits you!
* * * LOW HITPOINT WARNING * * *
The yaktaur captain shoots a bolt.
The bolt hits you!!!
You die...
Your body crumbles into a pile of gold.

▓▓▓▓▓▓▓▓#.#.#)#.#.......#
..~~~...##.#.#.##.......#
≈≈≈≈♣♣P.'.#.#.#.#.......#
♣♣♣♣♣♣PP##.#.#.##########
♣♣♣##'########
#...'.≈≈§≈# $ #...#.§§§§#
$$#...#.#§§§##
#####.#§Y≈§###≈§§ $
#))∩.)###§≈≈≈§§≈§
#....P#G#c≈≈§≈§§§
#.....#+###≈§§≈§ #.....#
c≈§§§ #'##### #§§#
#.....+ c## #.##### #
#.#$


You could see 2 yaktaur captains.

Vanquished Creatures
  Frances (D)
  Donald (D)
  A yaktaur captain (D)
  Erica (D)
  A centaur warrior (D)
  Urug (D)
  A lindwurm (D)
  A deep elf pyromancer (D)
  An orange crystal statue (D)
  An unseen horror (D)
  2 cane toads (D)
  A rime drake (D)
  A komodo dragon (D)
  A queen bee (D)
  An orc high priest (D)
  2 tyrant leeches (D)
  3 wandering mushrooms (D)
  5 blink frogs (D)
  A shadow (D)
  3 redbacks (D)
  A spatial vortex (D)
  A swamp drake (D)
  An orc warrior (D)
  2 centaurs (D)
  An earth elemental (D)
  A scorpion (D)
  A water elemental (D)
  A necrophage (D)
  32 killer bees (D)
  A jelly (D)
  5 orc priests (D)
  A wizard (D)
  3 orc wizards (D)
  A necromancer (D)
  A kobold demonologist (D)
  3 humans (D)
  9 orcs (D)
  An endoplasm (D)
  3 rats (D)
99 creatures vanquished.

Vanquished Creatures (collateral kills)
  3 orcs (D)
3 creatures vanquished.

Vanquished Creatures (others)
  6 plants (D)
6 creatures vanquished.

Grand Total: 108 creatures vanquished

Notes
Turn   | Place    | Note
-------+----------+-------------------------------------------
     0 | D        | mhtbhm the Troll Transmuter began the quest for the Orb.
     0 | D        | Reached XP level 1. HP: 18/18 MP: 1/1
   180 | D        | Noticed a scorpion
   203 | D        | Reached skill level 4 in Unarmed Combat
   203 | D        | Reached XP level 2. HP: 26/26 MP: 1/3
   231 | D        | Learned a level 2 spell: Wereblood
   243 | D        | Killed a scorpion
   244 | D        | Reached skill level 1 in Fighting
   244 | D        | Reached skill level 6 in Unarmed Combat
   244 | D        | Reached XP level 3. HP: 14/33 MP: 1/5
   244 | D        | Reached XP level 4. HP: 17/41 MP: 1/6
   249 | D        | Learned a level 3 spell: Spider Form
   312 | D        | Noticed a water elemental
   318 | D        | Killed a water elemental
   319 | D        | Reached skill level 7 in Unarmed Combat
   319 | D        | Reached XP level 5. HP: 28/48 MP: 3/8
   326 | D        | Found a radiant altar of Vehumet.
   326 | D        | Found a shimmering blue altar of Sif Muna.
   326 | D        | Found an ancient bone altar of Kikubaaqudgha.
   330 | D        | Reached skill level 8 in Unarmed Combat
   394 | D        | Learned a level 4 spell: Ice Form
   397 | D        | Noticed a shadow
   402 | D        | Killed a shadow
   403 | D        | Reached skill level 9 in Unarmed Combat
   403 | D        | Reached XP level 6. HP: 36/55 MP: 6/11
   405 | D        | Reached skill level 10 in Unarmed Combat
   436 | D        | Found a blossoming altar of Fedhas.
   436 | D        | Found a stormy altar of Qazlal.
   436 | D        | Found a snail-covered altar of Cheibriados.
   436 | D        | Found a burning altar of Makhleb.
   436 | D        | Found a shimmering altar of Xom.
   436 | D        | Noticed a spatial vortex
   437 | D        | Found a hazy altar of Hepliaklqana.
   437 | D        | Found an opulent altar of Gozag.
   437 | D        | Found a sparkling altar of Nemelex Xobeh.
   437 | D        | Found a corrupted altar of Lugonu.
   437 | D        | Found a viscous altar of Jiyva.
   444 | D        | Killed a spatial vortex
   445 | D        | Reached skill level 5 in Dodging
   450 | D        | Became a worshipper of Gozag Ym Sagoz the Greedy
   470 | D        | Found a shadowy altar of Dithmenos.
   475 | D        | Reached XP level 7. HP: 58/62 MP: 8/12
   475 | D        | Found a basalt altar of Yredelemnul.
   475 | D        | Found a sacrificial altar of Ru.
   488 | D        | Found a glowing silver altar of Zin.
   488 | D        | Found a glowing golden altar of the Shining One.
   488 | D        | Found a white marble altar of Elyvilon.
   488 | D        | Noticed a deep elf pyromancer
   489 | D        | Noticed a fire elemental
   499 | D        | Killed a deep elf pyromancer
   500 | D        | Reached skill level 12 in Unarmed Combat
   500 | D        | Reached skill level 5 in Spellcasting
   500 | D        | Reached skill level 5 in Transmutations
   500 | D        | Reached XP level 8. HP: 23/72 MP: 10/15
   566 | D        | Found a hide-covered altar of Uskayaw.
   566 | D        | Found an iron altar of Okawaru.
   566 | D        | Found a bloodstained altar of Trog.
   566 | D        | Found an ornate altar of the Wu Jian Council.
   860 | D        | Noticed Erica
   864 | D        | Killed Erica
   865 | D        | Reached skill level 13 in Unarmed Combat
   925 | D        | Noticed a centaur warrior
   929 | D        | Killed a centaur warrior
   930 | D        | Reached skill level 1 in Ice Magic
   930 | D        | Reached XP level 9. HP: 83/83 MP: 11/18
   934 | D        | Reached skill level 14 in Unarmed Combat
   955 | D        | Killed an unseen horror
   986 | D        | Noticed a wandering mushroom
   992 | D        | Noticed a wandering mushroom
   994 | D        | Noticed a wandering mushroom
   996 | D        | Killed a wandering mushroom
  1009 | D        | Killed a wandering mushroom
  1016 | D        | Noticed a cane toad
  1016 | D        | Noticed a komodo dragon
  1016 | D        | Noticed a cane toad
  1020 | D        | Killed a cane toad
  1022 | D        | Killed a komodo dragon
  1023 | D        | Reached skill level 15 in Unarmed Combat
  1023 | D        | Reached XP level 10. HP: 84/92 MP: 17/20
  1024 | D        | Killed a cane toad
  1136 | D        | Reached skill level 16 in Unarmed Combat
  1193 | D        | Noticed a lindwurm
  1198 | D        | Killed a lindwurm
  1199 | D        | Reached skill level 1 in Stealth
  1209 | D        | Noticed Urug
  1212 | D        | Killed Urug
  1425 | D        | Reached skill level 17 in Unarmed Combat
  1435 | D        | Reached XP level 11. HP: 101/101 MP: 18/22
  1527 | D        | Reached skill level 5 in Fighting
  1590 | D        | Found Poysukha's Jewellery Emporium.
  1695 | D        | Bought the amulet of the Four Winds {rN+ Will+++ Clar} for
                  | 789 gold pieces
  1695 | D        | Found the amulet of the Four Winds {rN+ Will+++ Clar}
  1749 | D        | Noticed Donald
  1749 | D        | Noticed Frances
  1771 | D        | Killed Donald
  1772 | D        | Reached skill level 5 in Ice Magic
  1775 | D        | Killed Frances
  1776 | D        | Reached skill level 18 in Unarmed Combat
  1921 | D        | Noticed an orange crystal statue
  1938 | D        | Killed an orange crystal statue
  1974 | D        | Found Targhaulu's Book Shop.
  1974 | D        | Found Weevvie's Antique Armour Shoppe.
  1974 | D        | Found Puggyew's Jewellery Emporium.
  1974 | D        | Found Pyneshur's Book Boutique.
  1974 | D        | Found Sekkuru's Distillery.
  1974 | D        | Found Rys Jyet's Armour Shop.
  1974 | D        | Found Faleggo's Magic Scroll Shoppe.
  1974 | D        | Found Fianix's Antique Weapon Emporium.
  1974 | D        | Found Voetuimp's Weapon Shop.
  1974 | D        | Found Jeeluwea's Antique Weapon Boutique.
  1974 | D        | Found Ypninen's Antique Armour Emporium.
  2012 | D        | Bought the Incunable of Assembled Transmigration for 242
                  | gold pieces
  2018 | D        | Learned a level 5 spell: Blade Hands
  2019 | D        | Bought a scroll of fog for 40 gold pieces
  2027 | D        | Bought a scale mail for 108 gold pieces
  2028 | D        | Bought a runed robe for 99 gold pieces
  2041 | D        | Bought 2 potions of curing for 78 gold pieces
  2043 | D        | Bought a ring of flight for 245 gold pieces
  2043 | D        | Bought a ring of wizardry for 420 gold pieces
  2043 | D        | Bought a ring of see invisible for 210 gold pieces
  2085 | D        | Noticed a yaktaur captain
  2085 | D        | Noticed a yaktaur captain
  2085 | D        | Noticed a yaktaur captain
  2091 | D        | Killed a yaktaur captain
  2307 | D        | Shot with a bolt by a yaktaur captain

Illustrated notes

Levels and vault maps discovered:
D:        dungeon_sprint_mu [sprint_mu_entry_forest, sprint_mu_temple_rooms,
          sprint_mu_d1_horrors, sprint_mu_d2_genie, sprint_mu_d3_branching,
          sprint_mu_orc_legion, sprint_mu_elf_gauntlet, sprint_mu_hive_nellie,
          sprint_mu_lair_fedhas, sprint_mu_vaults_butterflies,
          sprint_mu_slime_circle, sprint_mu_swamp_cave, sprint_mu_shoals_archi,
          sprint_mu_blade_basic, sprint_mu_crypt_chambers,
          sprint_mu_tomb_spiral, sprint_mu_vestibule_basic,
          sprint_mu_gehenna_hellfire, sprint_mu_dis_giant,
          sprint_mu_tartarus_statrot, sprint_mu_cocytus_islands, sprint_mu_zot1]

Skill      XL: |  1  2  3  4  5  6  7  8  9 10 11 |
---------------+----------------------------------+-----
Dodging        | 2 3 4 5 6 7 8 |  8.5
Unarmed Combat | 4 6 7 9 10 12 13 15 17 18 | 18.7
Transmutations | 2 4 5 7 8 9 |  9.3
Fighting       | 1 2 3 4 5 |  5.6
Spellcasting   | 2 4 5 7 8 9 |  9.3
Ice Magic      | 1 2 4 5 |  5.4
Stealth        | 1 |  1.8
Poison Magic   | |  0.7
Evocations     | |  0.4

Action                   |  1- 3 |  4- 6 |  7- 9 | 10-12 || total
-------------------------+-------+-------+-------+-------++-------
Melee: Unarmed           |    29 |    26 |    56 |   179 ||   290
       Kick              |     4 |     5 |     3 |       ||    12
       Punch             |     2 |     1 |       |       ||     3
       Headbutt          |       |     5 |       |       ||     5
 Cast: Beastly Appendage |     3 |     5 |     1 |     1 ||    10
       Wereblood         |       |     4 |     4 |    12 ||    20
       Ice Form          |       |       |     3 |    13 ||    16
       Spider Form       |       |       |     1 |       ||     1
Invok: Call Merchant     |       |       |       |     1 ||     1
Evoke: Box of beasts     |       |       |       |     1 ||     1
  Use: Potion            |       |       |     1 |     2 ||     3
       Scroll            |       |       |       |     3 ||     3
 Stab: Distracted        |       |       |       |     1 ||     1
Armor: Robe              |     3 |     2 |     5 |       ||    10
       Skin              |       |       |    12 |    21 ||    33
Dodge: Dodged            |    17 |     6 |    27 |    68 ||   118

Table legend: (Time is in decaauts)
 A = Elapsed time spent in this place.
 B = Non-inter-level travel time spent in this place.
 C = Inter-level travel time spent in this place.
 D = Time resting spent in this place.
 E = Time spent auto-exploring this place.
 F = Levels seen in this place.
 G = Mean time per level.
                   A        B        C        D        E       F      G
               +--------+--------+--------+--------+--------+-----+--------+
         Total |   2215 |   2215 |      0 |   1040 |      1 |   1 | 2215.0 |
       Dungeon |   2215 |   2215 |      0 |   1040 |      1 |   1 | 2215.0 |
               +--------+--------+--------+--------+--------+-----+--------+

Top non-repeatable levels by time:
       D: 2215 daAuts
